 Dungeon Crawl Stone Soup version 0.31.0-11-ge490571c62 (webtiles) character file.

Game seed: 14024250074963443157

315 qw the Shooter (level 6, -1/30 HPs)
             Began as a Spriggan Hunter on Feb 3, 2024.
             Incinerated by a bombardier beetle (4 damage)
             ... with a burning spray
             ... on level 4 of the Dungeon.
             The game lasted 00:00:08 (2480 turns).

qw the Shooter (Spriggan Hunter)                    Turns: 2480, Time: 00:00:09

Health: -1/30      AC:  3    Str:  7    XL:     6   Next: 20%
Magic:  7/7        EV: 21    Int: 11    God:
Gold:   172        SH:  0    Dex: 20    Spells: 5/5 levels left

rFire   . . .        a - +0 shortbow
rCold   . . .        (shield currently unavailable)
rNeg    . . .        c - +0 robe
rPois   .            (helmet restricted)
rElec   .            b - +0 cloak
rCorr   .            (gloves unavailable)
SInv    +            (boots unavailable)
Will    +....        (no amulet)
Stlth   +            (no ring)
HPRegen 0.25/turn    (no ring)
MPRegen 0.10/turn

%: no passive effects
@: on fire, glowing, very quick
A: very small, no large weapons, unfitting armour, see invisible, speed 3
a: no special abilities


You were on level 4 of the Dungeon.
You visited 1 branch of the dungeon, and saw 4 of its levels.

You collected 172 gold pieces.


Innate Abilities, Weirdness & Mutations

You are very small and have problems with some larger weapons.
You are too small for most types of armour.
You have supernaturally acute eyesight. (SInv)
You cover ground extremely quickly. (Speed+++)


   Skills:
 - Level 2.0 Fighting
 - Level 6.2 Ranged Weapons
 + Level 5.7 Dodging
 - Level 1.5 Stealth


You had 5 spell levels left.
You didn't know any spells.
Your spell library was empty.

Inventory:

Hand Weapons
 a - a +0 shortbow (weapon)
Armour
 b - a +0 cloak (worn)
 c - a +0 robe (worn)
Scrolls
 d - 2 scrolls of teleportation
 f - a scroll of enchant weapon {unknown}
Potions
 e - a potion of degeneration {unknown}
 j - a potion of might
 l - 4 potions of curing

Dungeon Overview and Level Annotations

Branches:
Dungeon (4/15)
 Temple: D:4-7

Altars:
Xom

Annotations:
D:4 1 transporter, qw's ghost, amateur SpHu


Message History

The bombardier beetle is heavily wounded.
You shoot an arrow. The arrow hits the bombardier beetle.
The bombardier beetle is almost dead.
The bombardier beetle sprays incendiary fluid at you.
The burning spray misses you.
You shoot an arrow.
The arrow barely misses the bombardier beetle.
You shoot an arrow.
The arrow barely misses the bombardier beetle.
You shoot an arrow.
The arrow hits the bombardier beetle but does no damage.
The bombardier beetle is almost dead.
The bombardier beetle sprays incendiary fluid at you.
The burning spray misses you.
You shoot an arrow.
The arrow barely misses the bombardier beetle.
You shoot an arrow.
The arrow barely misses the bombardier beetle.
You shoot an arrow.
The arrow barely misses the bombardier beetle.
You hear the slow rusting of a very distant drain.
The bombardier beetle sprays incendiary fluid at you.
The burning spray hits you.
You are covered in liquid fire!
You shoot an arrow. The arrow hits the bombardier beetle!
You kill the bombardier beetle!
The liquid fire burns you!
You are on fire!
The liquid fire burns you!
You are on fire!
The liquid fire burns you!
You are on fire!
The liquid fire burns you!
You are on fire!
The liquid fire burns you!
You are on fire!
The liquid fire burns you!
You are on fire!
The liquid fire burns you!
You die...

###### ##### ##...##
#########.....#
#.............###
##.#####.........#
.........##...##.####.#.
##.#####.#######.......#
#.# #.# #@#####.# ##)#
#.# #..%....# ##.## #.#
#.####### ....# #.# #!#
##..# #.# #.# ##..# ..#
##..# ### ##..# ##..#


There were no monsters in sight!

Vanquished Creatures
  A scorpion (D:4)
  A bombardier beetle (D:4)
  A hound (D:4)
  8 gnolls (D:3)
  5 adders
  4 dart slugs
  A ribbon worm (D:2)
  2 orcs
  3 ball pythons
  3 bats
  6 endoplasms
  2 giant cockroaches
  2 goblins
  14 hobgoblins
  3 jackals (D:4)
  2 quokkas
  3 frilled lizards
  4 kobolds
  3 rats
68 creatures vanquished.

Notes
Turn   | Place    | Note
-------+----------+-------------------------------------------
     0 | D:1      | qw the Spriggan Hunter began the quest for the Orb.
     0 | D:1      | Reached XP level 1. HP: 10/10 MP: 2/2
     0 | D:1      | 0 ||| qw: Version: 0.3-a-155-g5e7d8dd
     0 | D:1      | 0 ||| qw: Game counter: 3294
     0 | D:1      | 0 ||| qw: Melee chars always use a shield: true
     0 | D:1      | 0 ||| qw: God list: Okawaru
     0 | D:1      | 0 ||| qw: Allow faded altars: false
     0 | D:1      | 0 ||| qw: Do Orc after clearing Dungeon:15 true
     0 | D:1      | 0 ||| qw: Do second Lair branch before Depths: true
     0 | D:1      | 0 ||| qw: Lair rune preference: random
     0 | D:1      | 0 ||| qw: Goals: Normal
     0 | D:1      | 0 ||| PLANNING D:1-11
    51 | D:1      | Reached skill level 3 in Dodging
   125 | D:1      | Reached XP level 2. HP: 14/14 MP: 3/3
   494 | D:1      | 494 ||| READING scroll labelled ROFIEMU BEJOOST.
   494 | D:1      | 494 ||| ENCHANTING +0 shortbow.
   495 | D:1      | 495 ||| READING scroll labelled VYENGA YTHAACE.
   496 | D:1      | 496 ||| READING scroll labelled LEVUN NANOPP.
   496 | D:1      | 496 ||| IDENTIFYING viscous green potion
   497 | D:1      | 497 ||| READING scroll labelled KIL TAIHUJ.
   498 | D:1      | 498 ||| READING 3 scrolls labelled OMATHU SUSAROE.
   499 | D:1      | 499 ||| READING scroll labelled SIUMNYNAOT.
   503 | D:1      | 503 ||| READING scroll labelled HUTOSEN NARAE.
   504 | D:1      | 504 ||| DROPPING scroll of butterflies.
   505 | D:1      | 505 ||| DROPPING 2 scrolls of poison.
   552 | D:2      | Reached XP level 3. HP: 18/18 MP: 4/4
  1217 | D:2      | Reached skill level 5 in Ranged Weapons
  1311 | D:2      | 1311 ||| READING scroll labelled YWNUZOITHI.
  1312 | D:2      | 1312 ||| DRINKING 4 green potions.
  1484 | D:3      | Reached XP level 4. HP: 17/22 MP: 5/5
  1682 | D:3      | Reached XP level 5. HP: 18/26 MP: 6/6
  1685 | D:3      | 1685 ||| FLEEEEING.
  1690 | D:3      | 1690 ||| FLEEEEING.
  1992 | D:3      | HP: 1/26 [gnoll/+0 quarterstaff (8)]
  1993 | D:3      | 1993 ||| READING 2 scrolls of teleportation.
  2183 | D:3      | Found a shimmering altar of Xom.
  2322 | D:3      | 2322 ||| UPGRADING to +0 cloak.
  2333 | D:4      | 2333 ||| PLANNING SEWER
  2356 | D:4      | Reached skill level 6 in Ranged Weapons
  2373 | D:4      | Found a transporter.
  2382 | D:4      | Noticed qw's ghost (amateur SpHu)
  2466 | D:4      | Reached XP level 6. HP: 30/30 MP: 7/7
  2479 | D:4      | HP: 3/30 [burnt (6)]
  2480 | D:4      | Incinerated by a bombardier beetle

Levels and vault maps discovered:
D:1:      ebering_trefoil_3fold, layout_rooms, minmay_misc_feat_x
D:2:      layout_basic
D:3:      minmay_skewed_foursquare, layout_rooms, mainiacjoe_overflow_alcove_1
D:4:      layout_loops_ring, grunt_temple_overflow_order_and_chaos_2,
          gammafunk_ghost_stat_death, portal_sewer_entry_e

Skill      XL: |  1  2  3  4  5 |
---------------+----------------+-----
Dodging        | 3 4 5 |  5.7
Ranged Weapons | 5 6 |  6.2
Fighting       | 2 |  2.0
Stealth        | |  1.5

Action                     |  1- 3 |  4- 6 || total
---------------------------+-------+-------++-------
   Fire: Shortbow          |   117 |   112 ||   229
    Use: Scroll            |     8 |     1 ||     9
         Potion            |     1 |       ||     1
 Armour: Robe              |    11 |     9 ||    20
  Dodge: Dodged            |    31 |    44 ||    75

Table legend:
 A = Non-vault XP
 B = Vault XP
 C = Vault XP percentage of total XP
 D = Non-vault monster count
 E = Vault monster count
 F = Vault count percentage of total count
                 A         B        C        D         E       F
            +---------+---------+-------+---------+---------+-------
      Total |     418 |      33 |   7.3 |      63 |       5 |   7.4
            +---------+---------+-------+---------+---------+-------
        D:1 |      37 |       0 |   0.0 |      18 |       0 |   0.0
        D:2 |      48 |       0 |   0.0 |      12 |       0 |   0.0
        D:3 |     153 |      33 |  17.7 |      24 |       5 |  17.2
        D:4 |     180 |       0 |   0.0 |       9 |       0 |   0.0
            +---------+---------+-------+---------+---------+-------
